 Dungeon Crawl Stone Soup version 0.27-a0-1140-g099f9bb0e8 (webtiles) character file.

Game seed: 1277593079271998999

50 tilp the Chiller (level 3, -4/29 HPs)
             Began as a Demigod Ice Elementalist on May 8, 2021.
             Shot with a stone by a kobold (6 damage)
             ... on level 2 of the Dungeon.
             The game lasted 00:04:18 (1619 turns).

tilp the Chiller (Demigod Ice Elementalist)         Turns: 1619, Time: 00:04:18

Health: -4/29      AC:  3    Str:  9    XL:     3   Next: 35%
Magic:  5/8        EV: 12    Int: 17    God:
Gold:   38         SH:  0    Dex: 18    Spells: 5/6 levels left

rFire    . . .     SeeInvis .   a - +3 quarterstaff
rCold    . . .     Faith    .   (shield currently unavailable)
rNeg     . . .     Spirit   .   d - +0 robe
rPois    +         Reflect  .   (no helmet)
rElec    .         Harm     .   (no cloak)
rCorr    .         Rampage  .   (no gloves)
Will     .....                  j - +0 pair of boots
Stlth    ++........             (no amulet)
HPRegen  0.09/turn              i - ring of poison resistance
MPRegen  0.11/turn              (no ring)

@: no status effects
A: high mp 1, forlorn
a: no special abilities


You were on level 2 of the Dungeon.
You visited 1 branch of the dungeon, and saw 2 of its levels.

You collected 38 gold pieces.

Inventory:

Hand Weapons
 a - a +3 quarterstaff (weapon)
 b - a +0 dagger
 c - a +1 spear
Missiles
 g - 39 stones (quivered)
Armour
 d - a +0 robe (worn)
 j - a +0 pair of boots (worn)
Jewellery
 i - a ring of poison resistance (left hand)
Scrolls
 e - a scroll of silence {unknown}


   Skills:
 - Level 2.0 Fighting
 - Level 2.0 Dodging
 - Level 2.0 Stealth
 + Level 2.0 Spellcasting
 + Level 4.0 Ice Magic


You had 5 spell levels left.
You knew the following spells:

 Your Spells              Type           Power      Damage    Failure   Level
a - Freeze                Ice            60%        1d8       3%          1

Your spell library contained the following spells:

 Spells                   Type           Power      Damage    Failure   Level
 Frozen Ramparts          Ice            30%        1d5       11%         3
 Ozocubu's Armour         Ice            15%        N/A       11%         3
 Hailstorm                Conj/Ice       8%         3d4       63%         4
 Metabolic Englaciation   Hex/Ice        4%         N/A       93%         5


Dungeon Overview and Level Annotations

Branches:
Dungeon (2/15)


Innate Abilities, Weirdness & Mutations

Your attributes grow dramatically as you level up.
You have an increased reservoir of magic. (+10% MP)
You shall have no god before yourself.


Message History

The kobold unwields a +0 hunting sling.
The kobold wields a +0 club.
The kobold misses you.
You see here a stone.
You barely miss the kobold.
A goblin comes into view. It is wielding a +0 dagger.
The kobold hits you with a +0 club.
You closely miss the kobold.
The goblin shouts!
The kobold hits you with a +0 club.
* * * LOW HITPOINT WARNING * * *
You barely miss the kobold. The bat barely misses you.
The kobold hits you with a +0 club.
* * * LOW HITPOINT WARNING * * *
You closely miss the kobold. The bat barely misses you.
The bat closely misses you. The kobold hits you but does no damage.
A giant cockroach comes into view.
The kobold hits you with a +0 club.
* * * LOW HITPOINT WARNING * * *
Casting: Freeze (safe; 3% risk of failure)
Confirm with . or Enter, or press ? or * to list all spells.
Aiming: Freeze (safe; 3% risk of failure)
Press: ? - help, Shift-Dir - straight line, f - kobold
Aim: a kobold, wielding a +0 club and quivering stones You freeze the kobold.
The kobold is moderately wounded.
The bat hits you but does no damage. The kobold closely misses you.
Unknown command.
Casting: Freeze (safe; 3% risk of failure)
Confirm with . or Enter, or press ? or * to list all spells.
Aiming: Freeze (safe; 3% risk of failure)
Press: ? - help, Shift-Dir - straight line, f/p - kobold
Aim: a kobold, wielding a +0 club and quivering stones (moderately wounded)
You freeze the kobold.
The kobold is heavily wounded.
The goblin misses you. The kobold hits you with a +0 club.
* * * LOW HITPOINT WARNING * * *
An endoplasm comes into view.
The kobold unwields a +0 club.
The kobold wields a +0 hunting sling.
The kobold shoots a stone.
The stone hits you.
You die...

.........(........###
#...(...........###
#...............##.
##.............#...
##................
#########.†........†......
.......g..................
...(.BbK..#..........<....
.J##..###@#####...##......
#.. #..# #...####...)..
#.....## #..###...#....
....## #..# #.#####.#
.##...# ##..###.# #.#
........###...#...# #.#
#.##.#.........### ..#
#.##.......#..## .##
#.....†.#..##


You could see a giant cockroach, a goblin, a bat and a kobold.

Vanquished Creatures
  2 adders (D:2)
  A ball python (D:1)
  6 endoplasms (D:1)
  3 goblins
  4 hobgoblins
  2 jackals (D:1)
  A kobold (D:1)
  2 quokkas
  2 bats (D:1)
  2 frilled lizards
  3 rats
28 creatures vanquished.

Vanquished Creatures (others)
  2 plants (D:1)
2 creatures vanquished.

Grand Total: 30 creatures vanquished

Notes
Turn   | Place    | Note
-------+----------+-------------------------------------------
     0 | D:1      | tilp the Demigod Ice Elementalist began the quest for the
                  | Orb.
     0 | D:1      | Reached XP level 1. HP: 14/14 MP: 5/5
   499 | D:1      | Reached skill level 4 in Ice Magic
   786 | D:1      | Reached XP level 2. HP: 20/20 MP: 5/7
  1325 | D:2      | Reached skill level 1 in Fighting
  1446 | D:2      | Reached XP level 3. HP: 28/28 MP: 5/8
  1619 | D:2      | Shot with a stone by a kobold

Illustrated notes

Levels and vault maps discovered:
D:1:      lightli_arrival_chessboard, layout_loops_ring, serial_forest,
          infiniplex_forest_straight_2, infiniplex_forest_straight_2,
          infiniplex_forest_clump_cross, infiniplex_forest_clump_diagonal,
          infiniplex_forest_lined_room_3, infiniplex_forest_clump_double,
          infiniplex_forest_lined_ring, infiniplex_forest_clump_curved,
          feat_on_display
D:2:      layout_rooms, basic_ecumenical_altar

Skill      XL: |  1  2  3 |
---------------+----------+-----
Spellcasting   | 2 |  2.0
Ice Magic      | 4 |  4.0
Stealth        | 2 |  2.0
Dodging        | 2 |  2.0
Fighting       | 1 2 |  2.0

Action                   || total
-------------------------++-------
Melee: Spear             ||    27
       Quarterstaff      ||    21
Throw: Stone             ||     6
 Cast: Freeze            ||    34
  Use: Scroll            ||     4
 Stab: Sleeping          ||     6
Armor: Robe              ||    11
Dodge: Dodged            ||    32

Table legend: (Time is in decaauts)
 A = Elapsed time spent in this place.
 B = Non-inter-level travel time spent in this place.
 C = Inter-level travel time spent in this place.
 D = Time resting spent in this place.
 E = Time spent auto-exploring this place.
 F = Levels seen in this place.
 G = Mean time per level.
                   A        B        C        D        E       F      G
               +--------+--------+--------+--------+--------+-----+--------+
         Total |   1626 |   1570 |     56 |    349 |    905 |   2 |  813.0 |
       Dungeon |   1626 |   1570 |     56 |    349 |    905 |   2 |  813.0 |
               +--------+--------+--------+--------+--------+-----+--------+

Top non-repeatable levels by time:
     D:1: 1324 daAuts
     D:2: 302 daAuts
